 Dungeon Crawl Stone Soup version 0.30.0-7-g0c4daa9e05 (webtiles) character file.

Game seed: 1070366923413973660

123 Atelerd the Digger (level 5, -7/32 HPs)
             Began as an Octopode Earth Elementalist on May 13, 2023.
             Mangled by a sleepcap (12 damage)
             ... on level 4 of the Dungeon.
             The game lasted 00:01:55 (2697 turns).

Atelerd the Digger (Octopode Earth Elementalist)    Turns: 2697, Time: 00:01:56

Health: -7/32      AC:  1    Str:  7    XL:     5   Next: 7%
Magic:  8/9        EV:  2    Int: 20    God:
Gold:   111        SH:  0    Dex: 12    Spells: 4/9 levels left

rFire   . . .        t - +3 dagger
rCold   . . .        (no shield)
rNeg    . . .        (helmet restricted)
rPois   .            j - amulet of magic regeneration
rElec   .            (no ring)
rCorr   .            (no ring)
SInv    .            (no ring)
Will    .....        (no ring)
Stlth   +++          (no ring)
HPRegen 0.25/turn    (no ring)
MPRegen 0.51/turn    (no ring)
                     (no ring)

%: no passive effects
@: sleeping
A: almost no armour, amphibious, 8 rings, camouflage 1, gelatinous body 1,
(nimble swimmer 1), tentacles
a: no special abilities


You were on level 4 of the Dungeon.
You visited 1 branch of the dungeon, and saw 4 of its levels.

You collected 111 gold pieces.

Inventory:

Hand Weapons
 e - a +0 dagger
 t - a +3 dagger (weapon)
Jewellery
 j - an amulet of magic regeneration (around mantle)
 k - a ring of ice
 m - a ring of willpower
 q - a +4 ring of slaying
Wands
 u - a wand of mindburst (13)
Scrolls
 c - 2 scrolls of magic mapping {unknown}
 d - 2 scrolls of identify {unknown}
 f - a scroll of vulnerability {unknown}
 i - 3 scrolls of enchant weapon {unknown}
 l - a scroll of enchant armour {unknown}
 p - 3 scrolls of teleportation {unknown}
Potions
 a - a potion of magic
 b - a potion of might {unknown}
 g - a potion of degeneration {unknown}
 h - 4 potions of curing {unknown}
 n - a potion of heal wounds {unknown}
 o - 2 potions of flight {unknown}
 r - a potion of resistance {unknown}
 s - a potion of cancellation {unknown}


   Skills:
 - Level 0.4 Fighting
 + Level 2.6 Dodging
 + Level 3.7 Stealth
 + Level 2.7 Spellcasting
 + Level 1.8 Transmutations
 + Level 4.0 Earth Magic


You had 4 spell levels left.
You knew the following spells:

 Your Spells              Type           Power      Damage    Failure   Level
a - Sandblast             Erth           36%        2d10      2%          1
p - Petrify               Tmut/Erth      14%        N/A       41%         4

Your spell library contained the following spells:

 Spells                   Type           Power      Damage    Failure   Level
 Passwall                 Tmut/Erth      11%        N/A       7%          2
 Freeze                   Ice            8%         1d3       14%         1
 Stone Arrow              Conj/Erth      20%        3d8       19%         3
 Frozen Ramparts          Ice            4%         1d1       41%         3
 Gell's Gravitas          Tloc           2%         N/A       41%         3
 Hailstorm                Conj/Ice       2%         3d3       41%         3
 Teleport Other           Tloc           2%         N/A       41%         3
 Dispersal                Tloc           1%         N/A       100%        6


Dungeon Overview and Level Annotations

Branches:
Dungeon (4/15)
 Temple: D:4-7

Altars:
Ashenzari
Gozag
Ru

Annotations:
D:1 2 transporters
D:4 Grinder


Innate Abilities, Weirdness & Mutations

You cannot wear most types of armour.
You are amphibious.
You can wear up to eight rings at the same time.
Your skin changes colour to match your surroundings (Stealth+).
Your rubbery body absorbs attacks. (AC +1, EV +1)
((You are camouflaged when in or above water. (Stealth+)))
You have tentacles for arms and can constrict up to eight enemies at once.


Message History

You hit the sleepcap. You grab the sleepcap.
The sleepcap is heavily damaged.
You constrict the sleepcap. The sleepcap releases spores at you.
You are too injured to fight recklessly!
Casting: Petrify (astonishingly dangerous; 41% risk of failure)
Confirm with . or Enter, or press ? or * to list all spells.
Aiming: Sandblast (safe; 2% risk of failure)
Press: ? - help, Shift-Dir - straight line, f/p - sleepcap
Aim: a sleepcap (heavily damaged, constricted by you, 100% to hit)
The blast of sand hits the sleepcap.
The sleepcap is heavily damaged.
You constrict the sleepcap. The sleepcap closely misses you.
The sleepcap barely misses you.
Unknown command.
Casting: Sandblast (safe; 2% risk of failure)
Confirm with . or Enter, or press ? or * to list all spells.
Aiming: Sandblast (safe; 2% risk of failure)
Press: ? - help, Shift-Dir - straight line, f/p - sleepcap
Aim: a sleepcap (heavily damaged, constricted by you, 100% to hit)
The blast of sand hits the sleepcap.
The sleepcap is severely damaged.
You constrict the sleepcap, but do no damage.
The sleepcap misses you.
Unknown command.
Casting: Sandblast (safe; 2% risk of failure)
Confirm with . or Enter, or press ? or * to list all spells.
Aiming: Sandblast (safe; 2% risk of failure)
Press: ? - help, Shift-Dir - straight line, f/p - sleepcap
Aim: a sleepcap (severely damaged, constricted by you, 100% to hit)
The blast of sand hits the sleepcap.
The sleepcap is almost destroyed.
You constrict the sleepcap. The sleepcap releases spores at you.
* * * LOW HITPOINT WARNING * * *
The sleepcap releases spores at you.
* * * LOW HITPOINT WARNING * * *
You are engulfed in a cloud of soporific spores!
You fall asleep.
You lose your grip on the sleepcap.
The sleepcap releases spores at you!
You die...

.# # .# #. ######.# #..
#......#
###...########.##...####
$......................+
##...##@###.#.#....#
##..gf.# #.#.....##
##..### #.###.### #..
#.# #.# #.. #.# #.# #..
..# #.# ##### ##. ###
#.# #.... #.
####.####.... #.
#............


You could see a sleepcap and a goblin.

Vanquished Creatures
  A jelly (D:4)
  A gnoll (D:1)
  2 adders
  4 dart slugs
  5 ball pythons
  7 bats
  9 endoplasms
  A giant cockroach (D:3)
  6 goblins
  6 hobgoblins
  2 quokkas
  A frilled lizard (D:1)
  3 kobolds
  5 rats
53 creatures vanquished.

Notes
Turn   | Place    | Note
-------+----------+-------------------------------------------
     0 | D:1      | Atelerd the Octopode Earth Elementalist began the quest for
                  | the Orb.
     0 | D:1      | Reached XP level 1. HP: 11/11 MP: 3/3
   158 | D:1      | Reached XP level 2. HP: 17/17 MP: 3/5
   624 | D:1      | Reached XP level 3. HP: 19/22 MP: 2/6
  1511 | D:2      | Reached XP level 4. HP: 27/27 MP: 5/7
  2005 | D:3      | Found a broken altar of Ashenzari.
  2036 | D:3      | Found a sacrificial altar of Ru.
  2328 | D:3      | Found a faded altar of an unknown god.
  2332 | D:3      | Found an opulent altar of Gozag.
  2538 | D:3      | Found a faded altar of an unknown god.
  2578 | D:4      | Noticed Grinder
  2587 | D:4      | Learned a level 4 spell: Petrify
  2678 | D:4      | Reached skill level 4 in Earth Magic
  2678 | D:4      | Reached XP level 5. HP: 29/32 MP: 7/9
  2697 | D:4      | Mangled by a sleepcap

Illustrated notes

Levels and vault maps discovered:
D:1:      spicycebolla_arrival_transporter_tutorial, layout_basic
D:2:      layout_rooms
D:3:      layout_loops_ring, mainiacjoe_overflow_catwalk,
          nicolae_ru_sacrificial_ziggurat, nicolae_overflow_ecumenical_swirl,
          hellmonk_ecumenical_altar_leap_of_faith, serial_bayou_pond_e,
          minmay_pentomino_pile
D:4:      layout_loops_corners, mainiacjoe_overflow_alcove_2,
          nicolae_overflow_two_pavilions, uniq_sigmund, uniq_grinder

Skill      XL: |  1  2  3  4 |
---------------+-------------+-----
Stealth        | 3 |  3.7
Earth Magic    | 4 |  4.0
Fighting       | |  0.4
Dodging        | |  2.6
Spellcasting   | |  2.7
Transmutations | |  1.8

Action                     |  1- 3 |  4- 6 || total
---------------------------+-------+-------++-------
  Melee: Unarmed           |     2 |       ||     2
         Constrict         |     4 |     4 ||     8
         Dagger            |    13 |    15 ||    28
         Tentacles         |     3 |     2 ||     5
   Cast: Sandblast         |    34 |    26 ||    60
   Stab: Sleeping          |     1 |     2 ||     3
 Armour: Skin              |     2 |       ||     2
  Dodge: Dodged            |    17 |    18 ||    35
